 Dungeon Crawl Stone Soup version 0.26.1-11-gd32895ea62 (webtiles) character file.

Game seed: 8532897998799164388

157 Almogavar the Slasher (level 5, -8/47 HPs)
             Began as a Minotaur Berserker on July 9, 2021.
             Was a Believer of Trog.
             Splashed by a kobold's acid (11 damage)
             ... on level 3 of the Dungeon.
             The game lasted 00:05:49 (2437 turns).

Almogavar the Slasher (Minotaur Berserker)          Turns: 2437, Time: 00:05:49

Health: -8/47      AC:  5    Str: 22    XL:     5   Next: 15%
Magic:  4/4        EV: 26    Int:  4    God:    Trog [**....]
Gold:   119        SH:  3    Dex: 10    Spells: 4/4 levels left

rFire    . . .     SeeInvis .   a - +0 falchion
rCold    . . .     Faith    .   d - +0 buckler (curse)
rNeg     . . .     Spirit   .   e - +0 ring mail
rPois    .         Reflect  .   (helmet restricted)
rElec    .         Harm     .   (no cloak)
rCorr    .         Rampage  .   (no gloves)
Will     +....                  (no boots)
Stlth    +.........             n - amulet of the acrobat
HPRegen  0.15/turn              i - ring of willpower
MPRegen  0.09/turn              (no ring)

@: acrobat
A: retaliatory headbutt, horns 2
a: Renounce Religion, Berserk, Trog's Hand


You were on level 3 of the Dungeon.
You worshipped Trog.
Trog was pleased with you.
You visited 1 branch of the dungeon, and saw 3 of its levels.

You collected 119 gold pieces.

Inventory:

Hand Weapons
 a - a +0 falchion (weapon)
 b - a +0 hunting sling
Missiles
 c - 67 stones
 l - 36 bolts
Armour
 d - a cursed +0 buckler (worn)
 e - a +0 ring mail (worn)
 f - a +0 scale mail
 r - a +0 chain mail
Jewellery
 i - a ring of willpower (left hand)
 n - an amulet of the acrobat (around neck)
Wands
 w - a wand of disintegration (15)
Scrolls
 g - a scroll of enchant weapon
 h - 2 scrolls of teleportation
 k - a scroll of remove curse
 m - a scroll of noise {unknown}
 p - a scroll of fear {unknown}
 q - a scroll of immolation {unknown}
Potions
 j - 3 potions of curing
 o - a potion of attraction {unknown}
 s - a potion of might {unknown}
 t - 3 potions of flight {unknown}
 u - a potion of resistance {unknown}
 v - a potion of degeneration {unknown}


   Skills:
 + Level 4.5 Fighting
 + Level 4.7 Long Blades
 + Level 3.9 Armour
 + Level 3.3 Dodging
 + Level 0.3 Stealth
 + Level 0.4 Shields


You had 4 spell levels left.
You didn't know any spells.
Your spell library was empty.

Dungeon Overview and Level Annotations

Branches:
Dungeon (3/15)

Altars:
Ashenzari
Elyvilon
Trog

Annotations:
D:3 1 transporter


Innate Abilities, Weirdness & Mutations

You reflexively headbutt those who attack you in melee.
You have a pair of horns on your head.


Message History

The kobold shouts!
The kobold throws a stone.
You block the stone.
You see here a stone.
The kobold zaps a wand.
The bolt of acid hits you!
You are splashed with acid!
You are too injured to fight recklessly!
You are too injured to fight recklessly!
You are too injured to fight recklessly!
Unknown command.
c - 67 stones (gained 1)
The kobold throws a stone.
The stone closely misses you.
You see here a stone.
The kobold throws a stone.
The stone completely misses you.
You see here a stone.
You are too injured to fight recklessly!
You are too injured to fight recklessly!
The kobold throws a stone.
The stone misses you.
The kobold zaps a wand.
The bolt of acid hits you!!
* * * LOW HITPOINT WARNING * * *
You are splashed with acid!
You die...

..#...#.............#
#.
..#...#.............#
##
..#...#.............#
#
###...#.............#
# #...#.............#
#............#########
###..........# .....
#..........###K.....
#####.######@.......
#....((..###..##
#...###.## # #...# ###
#.#©# #.#.## #.#..
#.##.# #. ..


You could see a kobold.

Vanquished Creatures
  Ijyb (D:3)
  An orc wizard (D:3)
  Terence (D:2)
  An adder (D:2)
  An ooze (D:2)
  3 worms (D:3)
  7 giant cockroaches
  9 goblins
  3 hobgoblins
  12 jackals (D:1)
  7 bats
  2 frilled lizards
  8 kobolds
  4 rats (D:2)
60 creatures vanquished.

Notes
Turn   | Place    | Note
-------+----------+-------------------------------------------
     0 | D:1      | Almogavar the Minotaur Berserker began the quest for the
                  | Orb.
     0 | D:1      | Reached XP level 1. HP: 19/19 MP: 0/0
   289 | D:1      | Reached XP level 2. HP: 26/27 MP: 1/1
   535 | D:1      | Reached XP level 3. HP: 32/33 MP: 2/2
  1292 | D:2      | Found a broken altar of Ashenzari.
  1292 | D:2      | Found a bloodstained altar of Trog.
  1292 | D:2      | Found a white marble altar of Elyvilon.
  1387 | D:2      | Noticed Terence
  1395 | D:2      | Killed Terence
  1396 | D:2      | Reached XP level 4. HP: 41/41 MP: 3/3
  1838 | D:3      | Reached ** piety under Trog
  2212 | D:3      | Noticed Ijyb
  2227 | D:3      | Killed Ijyb
  2228 | D:3      | Reached XP level 5. HP: 29/47 MP: 4/4
  2422 | D:3      | Found a transporter.
  2437 | D:3      | Splashed by a kobold's acid

Illustrated notes

Levels and vault maps discovered:
D:1:      dpeg_arrival_simpleton_a, layout_basic
D:2:      layout_loops_ring, gammafunk_temple_overflow_claw,
          kennysheep_minor_cross, uniq_terence
D:3:      layout_basic, gammafunk_ghost_abyssal_escape,
          hangedman_feature_mirror, mrwooster_statue_mirror, uniq_ijyb,
          uniq_jessica

Skill      XL: |  1  2  3 |
---------------+----------+-----
Fighting       | 4 |  4.5
Long Blades    | 4 |  4.7
Armour         | 3 |  3.9
Dodging        | 3 |  3.3
Stealth        | |  0.3
Shields        | |  0.4

Action                   |  1- 3 |  4- 6 || total
-------------------------+-------+-------++-------
Melee: Falchion          |    65 |    53 ||   118
       Headbutt          |    14 |     9 ||    23
Invok: Berserk           |     1 |     2 ||     3
  Use: Scroll            |     6 |       ||     6
Armor: Ring mail         |    34 |    20 ||    54
Dodge: Dodged            |    65 |    22 ||    87
Block: Buckler           |     9 |     6 ||    15
       Rpst.: Falchion   |    16 |     5 ||    21
